 Dungeon Crawl Stone Soup version 0.31.0-12-g77e489cdc1 (webtiles) character file.

Game seed: 14786770380899140939

215 Gadfly the Covered (level 5, -2/45 HPs)
             Began as an Armataur Fighter on Feb 28, 2024.
             Incinerated by a bombardier beetle (4 damage)
             ... with a burning spray
             ... on level 4 of the Dungeon.
             The game lasted 00:06:04 (3513 turns).

Gadfly the Covered (Armataur Fighter)               Turns: 3513, Time: 00:06:05

Health: -2/45      AC:  8    Str: 21    XL:     5   Next: 60%
Magic:  14/14      EV:  5    Int:  9    God:
Gold:   204        SH:  5    Dex: 11    Spells: 4/4 levels left

rFire   . . .        a - +1 flail
rCold   . . .        c - +1 buckler
rNeg    . . .        l - +0 chain mail
rPois   .            (no helmet)
rElec   .            (no cloak)
rCorr   .            (no gloves)
SInv    .            (no barding)
Will    .....        (no amulet) Stlth
                     h - ring of magical power
HPRegen 0.27/turn    (no ring)
MPRegen 0.14/turn

%: roll
@: on fire, glowing
A: large, deformed body, tough skin 3, armoured tail, roll 1
a: no special abilities


You were on level 4 of the Dungeon.
You visited 1 branch of the dungeon, and saw 4 of its levels.

You collected 204 gold pieces.

Inventory:

Hand Weapons
 a - a +1 flail (weapon)
 b - a +2 sling of electrocution
Armour
 c - a +1 buckler (worn)
 l - a +0 chain mail (worn)
Jewellery
 h - a ring of magical power (left hand)
 j - a ring of fire
 m - an amulet of regeneration
 q - a ring of flight
Scrolls
 n - a scroll of fear {unknown}
 o - a scroll of acquirement {unknown}
Potions
 d - a potion of might
 e - 2 potions of attraction
 g - a potion of cancellation
 i - a potion of heal wounds {unknown}
 k - a potion of lignification {unknown}
 p - a potion of invisibility {unknown}
 r - a potion of brilliance {unknown}


   Skills:
 + Level 3.1 Fighting
 * Level 3.0 Maces & Flails
 + Level 4.2 Armour
 + Level 3.8 Shields
 * Level 2.3 Evocations
 * Level 1.9 Shapeshifting


You had 4 spell levels left.
You didn't know any spells.
Your spell library contained the following spells:

 Spells                   Type           Power      Damage    Failure   Level
 Cigotuvi's Dreadful Rot  Necr/Alch/Air  0%         N/A       99%         2
 Dispel Undead            Necr           0%         3d6       100%        4
 Martyr's Knell           Necr/Summ      0%         N/A       100%        4
 Death Channel            Necr           0%         N/A       100%        6


Dungeon Overview and Level Annotations

Branches:
Dungeon (4/15)
 Temple: D:4-7

Altars:
Elyvilon
Fedhas

Shops:
D:1 :


Innate Abilities, Weirdness & Mutations

Armour fits poorly on your strangely shaped body.
You have extremely tough skin. (AC +3)
You have a long armoured tail.
You regenerate magic when rolling toward enemies. (Rampage MPRegen)


Message History

The bombardier beetle sprays incendiary fluid at you.
The burning spray hits you.
You are even more covered in liquid fire!
You are too injured to fight recklessly!
You are too injured to fight recklessly!
You are too injured to fight recklessly!
Unknown command.
You are too injured to fight recklessly!
You barely miss the bombardier beetle.
The bombardier beetle is almost dead.
The liquid fire burns you!
The bombardier beetle sprays incendiary fluid at you.
The burning spray hits you.
You are even more covered in liquid fire!
You barely miss the bombardier beetle.
The bombardier beetle is almost dead.
The liquid fire burns you!
* * * LOW HITPOINT WARNING * * *
You block the bombardier beetle's attack.
You thump the bombardier beetle!
You kill the bombardier beetle!
The liquid fire burns you!
* * * LOW HITPOINT WARNING * * *
Your Maces & Flails skill increases to level 3!
You shake off some of the fire as you move.
The liquid fire burns you!
* * * LOW HITPOINT WARNING * * *
You feel better. The liquid fire burns you!
* * * LOW HITPOINT WARNING * * *
You feel better. The liquid fire burns you!
* * * LOW HITPOINT WARNING * * *
You shake off some of the fire as you move.
The liquid fire burns you!
* * * LOW HITPOINT WARNING * * *
Sorry, you're not good enough to have a special ability.
You shake off some of the fire as you move.
The liquid fire burns you!
You die...

#######
......#################
.##....................
.##.#.#####.....##.#
.#..#.# ##.##.##.####
.#.##.# #.##.@.....#
......# #.#####†##(#
##†#### #.# ... #.# #..
.#.# #.# ... ##.# #.#
... # ##.## .......
#...# #....... #.#.#
#.......#


There were no monsters in sight!

Vanquished Creatures
  A bombardier beetle (D:4)
  A hound (D:3)
  Natasha (D:2)
  An iguana (D:4)
  5 adders
  3 dart slugs
  9 ball pythons
  2 endoplasms
  A giant cockroach (D:3)
  5 goblins
  6 hobgoblins
  6 quokkas
  5 bats
  6 frilled lizards
  4 kobolds (D:3)
  4 rats
60 creatures vanquished.

Notes
Turn   | Place    | Note
-------+----------+-------------------------------------------
     0 | D:1      | Gadfly the Armataur Fighter began the quest for the Orb.
     0 | D:1      | Reached XP level 1. HP: 18/18 MP: 1/1
   241 | D:1      | Reached XP level 2. HP: 20/25 MP: 2/2
   360 | D:1      | Found Zomycim's Book Shop.
   709 | D:2      | Noticed Natasha
   716 | D:2      | Killed Natasha
   717 | D:2      | Reached skill level 1 in Evocations
   717 | D:2      | Reached skill level 1 in Shapeshifting
   717 | D:2      | Reached XP level 3. HP: 14/30 MP: 3/3
  1936 | D:3      | Reached XP level 4. HP: 28/38 MP: 4/4
  2008 | D:3      | Found a white marble altar of Elyvilon.
  2066 | D:3      | Reached skill level 4 in Armour
  2687 | D:3      | Reached XP level 5. HP: 45/45 MP: 5/5
  3330 | D:4      | Found a blossoming altar of Fedhas.
  3509 | D:4      | HP: 2/45 [burnt (4)]
  3513 | D:4      | Incinerated by a bombardier beetle

Illustrated notes

Levels and vault maps discovered:
D:1:      wander_arrival_estate, layout_loops_cross, serial_shops,
          nicolae_square_shop
D:2:      layout_basic, uniq_natasha
D:3:      minmay_chambers_of_threes, layout_basic, elyvilon_altar_3,
          minmay_fractal_squares_diagonal_5
D:4:      layout_loops_cross, lemuel_round_altar

Skill      XL: |  1  2  3  4  5 |
---------------+----------------+-----
Maces & Flails | 2 3 |  3.0
Evocations     | 1 2 |  2.3
Shapeshifting  | 1 |  1.9
Fighting       | 3 |  3.1
Armour         | 4 |  4.2
Shields        | |  3.8

Action                     |  1- 3 |  4- 6 || total
---------------------------+-------+-------++-------
  Melee: Flail             |    72 |   123 ||   195
         Tailslap          |     3 |     9 ||    12
   Fire: Sling             |       |    38 ||    38
    Use: Scroll            |     2 |     5 ||     7
         Potion            |       |     3 ||     3
 Armour: Scale mail        |    81 |   103 ||   184
         Chain mail        |       |    20 ||    20
  Dodge: Dodged            |    31 |    60 ||    91
  Block: Buckler           |    12 |    38 ||    50
